 Dungeon Crawl Stone Soup version 0.22-a0-480-g991dd4b (webtiles) character file.

30 gmonis the Stinger (level 3, -3/26 HPs)
             Began as a Draconian Venom Mage on June 16, 2018.
             Slain by a goblin (4 damage)
             ... led by Robin
             ... on level 2 of the Dungeon.
             The game lasted 00:04:19 (1150 turns).

gmonis the Stinger (Draconian Venom Mage)           Turns: 1150, Time: 00:04:20

Health: -3/26      AC:  5    Str: 10    XL:     3   Next: 3%
Magic:  1/6        EV: 12    Int: 16    God:
Gold:   79         SH:  0    Dex: 11    Spells: 5/6 levels left

rFire    . . .     SeeInvis .   (no weapon)
rCold    . . .     Gourm    .   (no shield)
rNeg     . . .     Faith    .   (armour unavailable)
rPois    .         Spirit   .   (helmet restricted)
rElec    .         Reflect  .   (no cloak)
rCorr    .         Harm     .   (no gloves)
MR       .....                  (no boots)
Stlth    ++........             (no amulet)
HPRegen  0.08/turn              (no ring)
MPRegen  0.10/turn              (no ring)

@: no status effects
A: unfitting armour, cold-blooded, AC +5
a: no special abilities


You were on level 2 of the Dungeon.
You were very hungry.

You visited 1 branch of the dungeon, and saw 2 of its levels.

You collected 79 gold pieces.

Inventory:

Missiles
 g - 2 stones (quivered)
Scrolls
 e - a scroll of noise
 f - a scroll of teleportation {unknown}
Potions
 c - a potion of brilliance {unknown}
 d - a potion of heal wounds
 h - a potion of curing {unknown}
Comestibles
 b - a ration


   Skills:
 + Level 1.8 Dodging
 + Level 1.8 Stealth
 + Level 2.4 Spellcasting
 + Level 1.2 Conjurations
 + Level 3.7 Poison Magic


You had 5 spell levels left.
You knew the following spells:

 Your Spells              Type           Power        Failure   Level  Hunger
a - Sting                 Conj/Pois      #...         7%          1    #......

Your spell library contained the following spells:

 Spells                   Type           Power        Failure   Level  Hunger
 Mephitic Cloud           Conj/Pois/Air  #.......     30%         3    ###....
 Venom Bolt               Conj/Pois      #.........   89%         5    ######.
 Olgreb's Toxic Radiance  Pois           ##......     41%         4    #####..
 Poisonous Vapours        Pois/Air       #.....       14%         2    ###....


Dungeon Overview and Level Annotations

Branches:
Dungeon (2/15)

Altars:

Annotations:
D:2 Robin


Innate Abilities, Weirdness & Mutations

Your plain brown scales are hard. (AC +5)
You cannot fit into any form of body armour.
You are cold-blooded and may be slowed by cold attacks.


Message History

You completely miss the goblin.
Your tail-slap misses the goblin.
The goblin is severely wounded.
The goblin misses you. The goblin barely misses you.
Robin roars a battlecry!
The hobgoblin goes into a battle-frenzy!
The hobgoblin hits you but does no damage.
You closely miss the goblin.
The goblin is severely wounded.
The goblin barely misses you. The goblin closely misses you.
The hobgoblin closely misses you.
You closely miss the goblin.
The goblin is severely wounded.
The goblin hits you.
* * * LOW HITPOINT WARNING * * *
The goblin hits you but does no damage. The hobgoblin hits you with a club.
* * * LOW HITPOINT WARNING * * *
You closely miss the goblin.
The goblin is severely wounded.
The goblin hits you.
You die...

#.<.......
##.##....#
#..###..## >.. .
#.......# ....
######..###.....
#g.........
#g##.g.....
##g####)†...
#g@gs.......
####.......%
#.#....g ..... r
###


You could see Robin, a giant cockroach, 2 hobgoblins and 2 goblins.

Vanquished Creatures
  A ball python (D:1)
  A bat (D:1)
  A giant cockroach (D:1)
  10 goblins
  5 hobgoblins (D:1)
  A frilled lizard (D:1)
  2 kobolds (D:1)
  5 rats
26 creatures vanquished.

Notes
Turn   | Place    | Note
-------+----------+-------------------------------------------
     0 | D:1      | gmonis the Draconian Venom Mage began the quest for the Orb.
     0 | D:1      | Reached XP level 1. HP: 14/14 MP: 3/3
   213 | D:1      | Reached XP level 2. HP: 20/20 MP: 3/5
  1123 | D:2      | Noticed Robin
  1134 | D:2      | Reached XP level 3. HP: 12/26 MP: 0/6
  1149 | D:2      | HP: 1/26 [hobgoblin/club[Robin] (3)]
  1150 | D:2      | Slain by a goblin

Vault maps used:
D:1:      sevenhm_arrival_forest_fort_small_3, serial_forest,
          infiniplex_forest_lined_3, infiniplex_forest_clump_large,
          infiniplex_forest_clump_small, infiniplex_forest_side_room,
          infiniplex_forest_straight_2, infiniplex_forest_straight_2,
          infiniplex_forest_clump_curved
D:2:      fiery_altar_vehumet, uniq_robin

Action                   || total
-------------------------++-------
Melee: Unarmed           ||    17
 Cast: Sting             ||    44
  Use: Scroll            ||     1
       Potion            ||     1
Armor: Skin              ||     5
Dodge: Dodged            ||    27

Table legend:
 A = Spawn XP
 B = Non-spawn XP
 C = Spawn XP percentage of total XP
 D = Spawn monster count
 E = Non-spawn monster count
 F = Spawn count percentage of total count
 G = Total turns spent on level
                    A         B        C        D         E        F      G
               +---------+---------+-------+---------+---------+-------+---------
         Total |       0 |      43 |   0.0 |       0 |      26 |   0.0 |  1150
               +---------+---------+-------+---------+---------+-------+---------
           D:1 |       0 |      31 |   0.0 |       0 |      19 |   0.0 |  1110
           D:2 |       0 |      12 |   0.0 |       0 |       7 |   0.0 |    40
               +---------+---------+-------+---------+---------+-------+---------
